AoeStats
← feizda

Arabia

509333150Analyzed
1v1 RM · 5d ago on Sep 26, 2026· 72m 49s· 2 players
Game mode
Random Map
Map size
Tiny (2 player)
Population
200
Speed
Normal
Resources
Standard
Victory
Conquest
Starting age
Dark Age
Ending age
Imperial Age
RankedLock teamsTeams togetherTeam positionsShared explorationLock speedFull tech treeHidden civsTurbo modeCheats
Victory
Defeat
🇮🇳 Goths · India
1173
+18
🇨🇳 Portuguese · China
1223
-18
feizda
6:33 Loom
9:04 Feudal Age
9:39 Double-Bit Axe
11:05 Horse Collar
16:19 Fletching
18:37 Wheelbarrow
23:04 Castle Age
23:51 Town Watch
24:04 Gold Mining
25:33 Crossbowman
43:05 Bow Saw
48:08 Hand Cart
49:04 Ballistics
48:56 Bodkin Arrow
53:08 Imperial Age
51:35 Masonry
53:12 Elite Organ Gun
56:13 Two-Man Saw
54:45 Cavalier
57:00 Bloodlines
56:56 Husbandry
59:00 Chemistry
63:40 Herbal Medicine
72:53 Forging
myandacct2
2:32 Loom
9:37 Feudal Age
10:04 Man-at-Arms
13:45 Double-Bit Axe
15:31 Horse Collar
19:38 Fletching
19:50 Scale Mail Armor
23:25 Castle Age
22:24 Forging
23:29 Long Swordsman
24:10 Squires
24:46 Chain Mail Armor
24:45 Bow Saw
24:33 Pikeman
37:51 Wheelbarrow
38:47 Iron Casting
42:43 Hand Cart
43:12 Gold Mining
43:28 Heavy Plow
43:23 Town Watch
48:48 Imperial Age
47:13 Bodkin Arrow
49:05 Two-Handed Swordsman
50:48 Blast Furnace
49:42 Champion
56:10 Two-Man Saw
55:25 Perfusion
55:26 Anarchy
55:46 Conscription
55:32 Elite Huskarl
56:36 Town Patrol
58:38 Halberdier
71:30 Crop Rotation
Connection lost

Rejoining the realm…

Still unreachable

The connection could not be restored.

Session expired

The server has moved on; the page needs a fresh start.